 Dungeon Crawl Stone Soup version 0.19.1 (console) character file.

0 Jesseh the Chiller (level 1, -2/13 HPs)
             Began as a Merfolk Ice Elementalist on Nov 28, 2016.
             Slain by a quokka (3 damage)
             ... on level 1 of the Dungeon.
             The game lasted 00:00:51 (35 turns).

Jesseh the Chiller (Merfolk Ice Elementalist)         Turns: 35, Time: 00:00:52

Health: -2/13      AC:  2    Str:  8    XL:     1   Next: 10%
Magic:  0/3        EV: 13    Int: 14    God:
Gold:   0          SH:  0    Dex: 14    Spells: 1 memorised, 3 levels left

rFire  . . .     SeeInvis .     (no weapon)
rCold  . . .     Gourm    .     a - +0 robe
rNeg   . . .     Faith    .     (no shield)
rPois  .         Spirit   .     (no helmet)
rElec  .         Reflect  .     (no cloak)
rCorr  .         Harm     .     (no gloves)
MR     .....                    (no boots)
Stlth  ++........               (no amulet)
                                (no ring)
                                (no ring)

@: very slightly contaminated
A: change form in water, swift swim, stealthy swim
a: no special abilities


You were on level 1 of the Dungeon.
You were not hungry.

You visited 1 branch of the dungeon, and saw 1 of its levels.

Inventory:

Armour
 a - a +0 robe (worn)
Books
 b - a book of Frost
Comestibles
 c - a bread ration


   Skills:
 - Level 2.6 Dodging
 - Level 2.1 Stealth
 + Level 2.0 Spellcasting
   Level 0.7 Conjurations
 + Level 3.2 Ice Magic


You had 3 spell levels left.
You knew the following spells:

 Your Spells              Type           Power        Failure   Level  Hunger
a - Freeze                Ice            ##..         10%         1    ##.....


Dungeon Overview and Level Annotations

Branches:
Dungeon (1/15)

Altars:


Message History

Welcome, Jesseh the Merfolk Ice Elementalist.
Will you be the one to retrieve the fabulous Orb of Zot from the depths?
Found a staircase leading out of the dungeon.
Currently training: Spellcasting(2), Ice Magic(3.2).
Choose a target skill level:
There is a staircase leading out of the dungeon here.
You open the door. You open the door. As you open the door, it creaks loudly!
A rat comes into view.
Aim: a rat You freeze the rat.
You kill the rat!
Search for what [? for help]? weapon Can't find anything matching that.
You open the door. You open the door. You open the door.
A quokka comes into view.
The quokka closely misses you.
Aim: a quokka You miscast Freeze.
You are very lightly contaminated with residual magic.
Nothing appears to happen.
The quokka closely misses you.
Aim: a quokka You freeze the quokka.
The quokka closely misses you.
You closely miss the quokka. The quokka closely misses you.
You hit the quokka. The quokka bites you.
You hit the quokka but do no damage. The quokka bites you. x2
You barely miss the quokka. The quokka bites you.
* * * LOW HITPOINT WARNING * * *
Aim: a quokka (severely wounded)
You freeze the quokka. The quokka misses you.
You miss the quokka. The quokka closely misses you.
You hit the quokka but do no damage.
The quokka bites you but does no damage.
You closely miss the quokka. The quokka bites you.
* * * LOW HITPOINT WARNING * * *
The quokka misses you.
You hit the quokka but do no damage. The quokka completely misses you.
You completely miss the quokka. The quokka barely misses you.
You barely miss the quokka. The quokka bites you.
* * * LOW HITPOINT WARNING * * *
You hit the quokka.
The quokka bites you but does no damage.
You closely miss the quokka. The quokka bites you.
You die...

+...
▒▒.▒▒
+...+
▒▒.▒▒
+.<.+
▒▒.▒▒▒▒
+...'.▒
▒▒▒▒.▒▒▒▒
▒.rm..'.▒
▒▒▒▒.▒▒▒▒
▒.'...'.▒
▒▒▒▒.▒▒▒▒
▒'▒ ▒.▒
▒▒▒


You could see a quokka.

Vanquished Creatures
  A rat (D:1)
1 creature vanquished.

Notes
Turn   | Place    | Note
-------+----------+-------------------------------------------
     0 | D:1      | Jesseh the Merfolk Ice Elementalist began the quest for the Orb.
     0 | D:1      | Reached XP level 1. HP: 13/13 MP: 3/3
    30 | D:1      | HP: 2/13 [quokka (2)]
    35 | D:1      | Slain by a quokka

Action                   || total
-------------------------++-------
Melee: Unarmed           ||    12
 Cast: Freeze            ||     3
Armor: Robe              ||     2
Dodge: Dodged            ||     9

Vault maps used:
D:1:      onia_arrival_larder

Table legend:
 A = Turns spent in this place as a percentage of turns spent in the entire game.
 B = Non-inter-level travel turns spent in this place as a percentage of non-inter-level travel turns spent in the entire game.
 C = Inter-level travel turns spent in this place as a percentage of turns spent in this place.
 D = Turns resting spent in this place as a percentage of non-inter-level travel turns spent in this place.
 E = Turns spent auto-exploring this place as a percentage of non-inter-level travel turns spent in this place.
 F = Non-inter-level travel turns spent in this place divided by the number of levels of this place that you've seen.
                   A       B       C       D       E      F
               +-------+-------+-------+-------+-------+----------------------
         Total | 100.0 | 100.0 |   0.0 |   0.0 |  10.0 |  20.0
       Dungeon | 100.0 | 100.0 |   0.0 |   0.0 |  10.0 |  20.0
               +-------+-------+-------+-------+-------+----------------------

Table legend:
 A = Kills in this place as a percentage of kills in entire the game.
 B = Kills by you in this place as a percentage of kills by you in the entire game.
 C = Kills by friends in this place as a percentage of kills by friends in the entire game.
 D = Other kills in this place as a percentage of other kills in the entire game.
 E = Experience gained in this place as a percentage of experience gained in the entire game.
 F = Experience gained in this place divided by the number of levels of this place that you have seen.
                   A       B       C       D       E      F
               +-------+-------+-------+-------+-------+----------------------
         Total | 100.0 | 100.0 |  -nan |  -nan | 100.0 |   1.0
       Dungeon | 100.0 | 100.0 |  -nan |  -nan | 100.0 |   1.0
               +-------+-------+-------+-------+-------+----------------------
